 Dungeon Crawl Stone Soup version 0.19-a0-1079-g88a7474 (webtiles) character file.

26392 poirepourri the Basher (level 13, -12/83 HPs)
             Began as a Gargoyle Fighter on Aug 6, 2016.
             Was the Champion of Makhleb.
             Mangled by Rupert
             ... wielding a +4 great mace of protection
              (16 damage)
             ... while paralysed by Rupert
             ... on level 5 of the Lair of Beasts.
             The game lasted 00:33:49 (17932 turns).

poirepourri the Basher (Gargoyle Fighter)          Turns: 17932, Time: 00:33:50

Health: -12/83     AC: 31    Str: 25    XL:     13   Next: 25%
Magic:  15/15      EV:  2    Int:  9    God:    Makhleb [******]
Gold:   421        SH:  0    Dex: 11    Spells: 0 memorised, 12 levels left

rFire  + . .     SeeInvis .     x - +3 flail (drain)
rCold  . . .     Gourm    .     b - +1 scale mail
rNeg   + . .     Faith    .     c - +0 shield
rPois  ∞         Spirit   .     O - +2 hat
rElec  +         Dismiss  .     g - +1 cloak
rCorr  .         Reflect  +     h - +2 pair of gloves
SustAt .         Harm     .     l - +0 pair of boots
MR     .....                    P - +3 amulet of reflection
Stlth  +.........               D - +4 ring of protection
                                B - ring of stealth

@: confused, paralysed
A: agile 1, fire resistance 1, negative energy resistance 1, electricity
resistance, unbreathing, petrification resistance, rot immunity, AC +9
a: Minor Destruction, Lesser Servant of Makhleb, Major Destruction, Greater
Servant of Makhleb, Renounce Religion


You were on level 5 of the Lair of Beasts.
You worshipped Makhleb.
Makhleb was exalted by your worship.
You were not hungry.

You visited 3 branches of the dungeon, and saw 17 of its levels.
You visited the Abyss 1 time.
You also visited: Bailey and Volcano.

You collected 932 gold pieces.
You spent 511 gold pieces at shops.

Inventory:

Hand Weapons
 a - a +2 flail
 i - a +1 flail of electrocution
 x - a +3 flail of draining (weapon)
Missiles
 e - 152 bolts
Armour
 b - a +1 scale mail (worn)
 c - a +0 shield (worn)
 g - a +1 cloak (worn)
 h - a +2 pair of gloves (worn)
 l - a +0 pair of boots (worn)
 O - a +2 hat (worn)
Jewellery
 m - an uncursed amulet of faith
 q - a +3 ring of strength {unknown}
 y - a cursed ring of teleportation
 A - an uncursed amulet of rage
 B - a ring of stealth (left hand)
 D - a +4 ring of protection (right hand)
 E - a cursed ring of teleportation
 P - a +3 amulet of reflection (around neck)
Wands
 j - a wand of slowing (12/48)
 s - a wand of flame (0/48)
 u - a wand of digging (18/24)
 C - a wand of disintegration (7/24)
 F - a wand of acid (0/15)
 H - a wand of disintegration (0/24)
 I - a wand of heal wounds (0/9)
 Q - a wand of lightning (7/15)
 R - a wand of slowing (21/48)
Scrolls
 d - 5 scrolls of teleportation
 o - 6 scrolls of remove curse
 r - 4 scrolls of amnesia
 w - 4 scrolls of magic mapping
 L - 3 scrolls of identify
 N - a scroll of recharging
 W - a scroll of enchant armour
Potions
 k - 2 potions of brilliance
 n - 3 potions of magic
 t - 3 potions of curing
 z - a potion of cure mutation
 G - a potion of lignification {unknown}
 M - 2 potions of berserk rage {unknown}
Books
 p - a book of Maledictions

   Spells                             Type                      Level
   a - Corona                         Hexes                        1
   b - Ensorcelled Hibernation        Hexes/Ice                    2
   c - Confuse                        Hexes                        3
   d - Tukima's Dance                 Hexes                        3
   e - Dazzling Spray                 Conjuration/Hexes            3
 v - a book of Necromancy

   Spells                             Type                      Level
   a - Pain                           Necromancy                   1
   b - Animate Skeleton               Necromancy                   1
   c - Vampiric Draining              Necromancy                   3
   d - Regeneration                   Charms/Necromancy            3
   e - Animate Dead                   Necromancy                   4
   f - Control Undead                 Necromancy                   4
 T - a book of Dreams

   Spells                             Type                      Level
   a - Ensorcelled Hibernation        Hexes/Ice                    2
   b - Silence                        Hexes/Air                    5
   c - Darkness                       Hexes                        6
   d - Shadow Creatures               Summoning                    6
Comestibles
 f - 3 bread rations
 J - 2 meat rations
 K - a slice of pizza
 S - a beef jerky


   Skills:
 + Level 10.7 Fighting
 + Level 10.9 Maces & Flails
 + Level 7.4 Armour
 + Level 10.5 Dodging
 + Level 10.2 Shields
 + Level 1.2 Invocations
 - Level 3.8 Evocations


You had 12 spell levels left.
You didn't know any spells.

Dungeon Overview and Level Annotations

Branches:
Dungeon (11/15)            Temple (1/1) D:6            Lair (5/6) D:8
 Shoals (0/4) Lair:2       Spider (0/4) Lair:4          Orc (0/2) D:9
  Slime: Lair:5-6

Altars:
Ashenzari
Cheibriados
Dithmenos
Elyvilon
Fedhas
Gozag
Hepliaklqana
Kikubaaqudgha
Makhleb
Nemelex Xobeh
Okawaru
Pakellas
Qazlal
Ru
Sif Muna
Trog
Uskayaw
Vehumet
Xom
Yredelemnul
Zin
The Shining One

Shops:
D:6 *   D:7 (   D:9 *

Annotations:
D:4 Eustachio
Lair:2 exclusion: oklob plant
Lair:5 Rupert


Innate Abilities, Weirdness & Mutations

You are resistant to torment.
Your stone body is resilient. (AC +9)
You are immune to poison.
You resist negative energy. (rN+)
You are resistant to electric shocks. (rElec)
You can survive without breathing.
You are immune to petrification.
You are immune to rotting.
You are agile. (Dex +2)
Your flesh is heat resistant. (rF+)


Message History

Zapping:
I - a wand of heal wounds {zapped: 2} (will waste charges)
Press: ? - help, Shift-Dir - straight line, f - you Nothing appears to happen.
The catoblepas closely misses you. Rupert roars wildly at you.
You suddenly lose the ability to move!
The catoblepas breathes a plume of calcifying dust at you.
The blast of calcifying dust hits you!
* * * LOW HITPOINT WARNING * * *
Something bites the fungus.
Rupert hits you with a great mace of protection!
* * * LOW HITPOINT WARNING * * *
A sheep comes into view.
The catoblepas gores you but does no damage.
The catoblepas gores you but does no damage.
Rupert roars madly and goes into a rage!
Rupert goes berserk!
A sheep comes into view.
The sheep bleats!
Rupert hits you with a great mace of protection!
You die...

......... ..#P
....P.....##..P..
.....PP.:#...P...
.....PPP.....#P..
...#.P..........
.....#....#.....
..##.##<..P.....
##..Y........
#.#@@.......#
#...§Y.......
#.....§........
#....#.........
#.....#..P.....
......####..Y.##
....... ...%P.
#...### #...Y.
#... ..


You could see Rupert (berserk), a catoblepas and 3 sheep.

Vanquished Creatures
  Gastronok (Lair:3)
  An orc warlord (Bailey)
  Nessos (Volcano)
  2 hydras
  A deep troll (D:11)
  An unseen horror (D:11)
  2 hill giants (D:11)
  A griffon (Lair:2)
  An ugly thing (D:11)
  A manticore (D:11)
  A centaur zombie (D:11)
  2 black mambas (Lair:4)
  2 spiny frogs
  A komodo dragon (Lair:3)
  An ancient zyme (Abyss:1)
  A troll (D:11)
  Prince Ribbit (D:6)
  14 blink frogs
  A water elemental (D:11)
  A spriggan (D:7)
  A wraith (D:10)
  Sigmund (D:3)
  2 fire bats (Volcano)
  20 yaks
  A basilisk (Lair:1)
  2 hippogriffs
  3 wargs (D:8)
  9 porcupines
  2 hell hounds (Lair:1)
  6 water moccasins
  6 orc warriors
  2 sky beasts
  4 ogres
  12 centaurs
  7 crocodiles
  A big kobold (D:11)
  12 giant frogs
  A wyvern zombie (D:9)
  3 scorpions
  12 killer bees
  3 wights
  A howler monkey (D:10)
  4 electric eels (D:11)
  2 crimson imps
  7 lava snakes (Volcano)
  5 jellies
  2 gnoll shamans
  5 orc priests
  5 hounds
  7 orc wizards
  8 iguanas
  9 worker ants
  10 sheep
  2 hound skeletons
  A howler monkey zombie (D:5)
  2 worker ant zombies
  16 adders
  4 gnolls
  A howler monkey skeleton (D:5)
  5 river rats (Lair:2)
  4 shadow imps
  An ooze (D:4)
  2 adder zombies
  2 adder skeletons
  A worm (D:4)
  A dart slug (D:3)
  6 giant geckos
  40 orcs
  4 giant cockroaches
  14 goblins
  9 hobgoblins
  14 jackals
  A quokka (D:8)
  2 ball pythons
  10 bats
  5 giant newts
  A jackal skeleton (D:4)
  21 kobolds
  9 rats
  A bush (D:2)
  2 plants (D:2)
393 creatures vanquished.

Vanquished Creatures (collateral kills)
  A deep troll (D:11)
  A hippogriff (Lair:1)
  4 sheep (Lair:1)
6 creatures vanquished.

Vanquished Creatures (others)
  A black bear (D:8)
  A centaur (Volcano)
2 creatures vanquished.

Grand Total: 401 creatures vanquished

Notes
Turn   | Place    | Note
-------+----------+-------------------------------------------
     0 | D:1      | poirepourri the Gargoyle Fighter began the quest for the Orb.
     0 | D:1      | Reached XP level 1. HP: 14/14 MP: 1/1
   189 | D:1      | Reached XP level 2. HP: 19/19 MP: 2/2
   620 | D:1      | Reached skill level 1 in Dodging
   660 | D:1      | Reached XP level 3. HP: 21/24 MP: 3/3
  1843 | D:3      | Reached XP level 4. HP: 28/29 MP: 4/4
  2190 | D:3      | Noticed Sigmund
  2210 | D:3      | Killed Sigmund
  2210 | D:3      | Reached XP level 5. HP: 17/34 MP: 5/5
  2374 | D:3      | Reached XP level 6. HP: 37/39 MP: 6/6
  2533 | D:3      | Found a shadowy altar of Dithmenos.
  2534 | D:3      | Found a sparkling altar of Nemelex Xobeh.
  2536 | D:3      | Found a basalt altar of Yredelemnul.
  2799 | D:4      | Noticed Eustachio
  2814 | D:4      | HP: 1/39 [Eustachio/falchion of distortion (7)]
  2820 | D:4      | Cast into level 1 of the Abyss (Eustachio)
  3485 | Abyss:1  | Noticed an ancient zyme
  3494 | Abyss:1  | Killed an ancient zyme
  3494 | Abyss:1  | Reached XP level 7. HP: 35/44 MP: 7/7
  3500 | D:4      | Escaped the Abyss
  3730 | D:4      | Reached skill level 5 in Fighting
  4555 | D:5      | Entered Level 5 of the Dungeon
  4645 | D:5      | Found a sand-covered staircase.
  4781 | D:5      | Reached skill level 5 in Maces & Flails
  5023 | D:5      | Reached skill level 5 in Dodging
  5023 | D:5      | Reached XP level 8. HP: 23/50 MP: 8/8
  5803 | D:6      | Found a staircase to the Ecumenical Temple.
  5825 | Temple   | Entered the Ecumenical Temple
  5965 | Temple   | Became a worshipper of Makhleb the Destroyer
  6022 | D:6      | Found Hianwage's General Store.
  6045 | D:6      | Noticed Prince Ribbit
  6062 | D:6      | Killed Prince Ribbit
  6427 | D:6      | Found a snail-covered altar of Cheibriados.
  6681 | D:6      | Reached XP level 9. HP: 18/56 MP: 9/9
  7131 | D:6      | Found a blossoming altar of Fedhas.
  7641 | D:7      | Reached skill level 1 in Evocations
  7741 | D:7      | Found Fimpabb's Antique Weapon Shop.
  7784 | D:8      | Reached * piety under Makhleb
  8007 | D:8      | Found a flagged portal.
  8031 | Bailey   | Entered a bailey
  8036 | Bailey   | Noticed an orc warlord
  8147 | Bailey   | Reached ** piety under Makhleb
  8382 | Bailey   | Found a runed gate.
  8383 | Bailey   | Found a runed gate.
  8386 | Bailey   | Found a runed gate.
  8738 | Bailey   | Killed an orc warlord
  8738 | Bailey   | Reached XP level 10. HP: 25/65 MP: 9/11
  9012 | D:8      | Found a radiant altar of Vehumet.
  9099 | D:8      | Found a staircase to the Lair.
  9417 | D:9      | Reached *** piety under Makhleb
  9526 | D:9      | Found a staircase to the Orcish Mines.
  9572 | D:9      | Found a sacrificial altar of Ru.
  9610 | D:9      | Found a shadowy altar of Dithmenos.
  9654 | D:9      | Found Funtudi's Assorted Antiques.
  9659 | D:9      | Bought a scroll of blinking for 247 gold pieces
  9659 | D:9      | Bought a potion of curing for 99 gold pieces
  9659 | D:9      | Bought a jade ring for 165 gold pieces
 10246 | D:9      | Gained mutation: You are agile. (Dex +2) [potion of beneficial mutation]
 10247 | D:9      | Gained mutation: Your flesh is heat resistant. (rF+) [potion of beneficial mutation]
 10413 | D:10     | Entered Level 10 of the Dungeon
 10701 | D:9      | Reached **** piety under Makhleb
 11449 | D:10     | Reached XP level 11. HP: 58/71 MP: 11/13
 11652 | D:11     | Noticed a hill giant
 11664 | D:11     | Killed a hill giant
 11664 | D:11     | Reached skill level 5 in Shields
 11947 | D:11     | Noticed a hill giant
 12078 | D:11     | Killed a hill giant
 12283 | D:11     | Noticed a four-headed hydra
 12290 | D:11     | Killed a four-headed hydra
 12322 | D:11     | Reached ***** piety under Makhleb
 12405 | D:11     | Reached skill level 5 in Armour
 13015 | D:11     | Killed an unseen horror
 13136 | D:11     | Noticed a manticore
 13146 | D:11     | Killed a manticore
 13354 | D:11     | Noticed a brown ugly thing
 13370 | D:11     | Killed a brown ugly thing
 13370 | D:11     | Reached XP level 12. HP: 77/77 MP: 14/14
 13758 | D:11     | Noticed an iron troll
 13840 | D:11     | Reached skill level 10 in Maces & Flails
 14073 | Lair:1   | Entered Level 1 of the Lair of Beasts
 14151 | Lair:1   | Reached skill level 10 in Fighting
 14364 | Lair:1   | Reached skill level 1 in Invocations
 14449 | Lair:1   | Found a dark tunnel.
 14555 | Volcano  | Entered a volcano
 14876 | Volcano  | Noticed Nessos
 14903 | Volcano  | Killed Nessos
 15139 | Lair:1   | You fall through a shaft!
 15556 | Lair:2   | Reached skill level 10 in Dodging
 15623 | Lair:2   | Noticed a six-headed hydra
 15644 | Lair:2   | Killed a six-headed hydra
 15874 | Lair:2   | Reached ****** piety under Makhleb
 15923 | Lair:2   | Found a staircase to the Shoals.
 16591 | Lair:3   | Noticed Gastronok
 16610 | Lair:3   | Killed Gastronok
 16610 | Lair:3   | Reached XP level 13. HP: 83/83 MP: 15/15
 17071 | Lair:4   | Reached skill level 10 in Shields
 17370 | Lair:4   | Found a hole to the Spider Nest.
 17912 | Lair:5   | Noticed Rupert
 17928 | Lair:5   | Paralysed by Rupert for 5 turns
 17929 | Lair:5   | HP: 4/83 [Rupert/great mace of protection (16)]
 17932 | Lair:5   | Mangled by Rupert

Vault maps used:
D:1:      elethiomel_arrival_infinity_welcomes_careful_drivers
D:2:      serial_forest, infiniplex_forest_diagonal,
          infiniplex_forest_clump_curved, infiniplex_forest_lined_2,
          infiniplex_forest_lined_1, infiniplex_forest_join, minmay_tromino_v2
D:3:      minitemple, uniq_sigmund
D:4:      gup_sewer_entry_bowl, minmay_bisected, uniq_eustachio
D:5:      first_bread, chequers_ossuary_entry_cave,
          hangedman_abyss_or_decor_stabs
D:6:      kennysheep_little_box, serial_shops, shop, basic_altar,
          uniq_prince_ribbit1
D:7:      serial_shops, nicolae_shop_behind_doors, the_bakery
D:8:      fiery_altar_vehumet, erik_lair_orcish_takeover, enter_bailey_3
D:9:      nicolae_ru_sacrificial_ziggurat, hiddenorc1_lemuel, serial_shops,
          nicolae_shop_overgrown_old_shop, basic_altar
D:11:     lemuel_troll_bridge
Temple:   compressed_dpeg_circular_temple
Lair:1:   enter_volcano_3, grunt_megastairs_4
Lair:2:   minmay_shoals_entry_centaurs, tgw_fedhas
Lair:3:   grunt_megastairs_3, infiniplex_staircase_pool, serial_bayou_shore_b,
          uniq_gastronok
Lair:4:   spider_nest_entry_web_field
Lair:5:   beast_lair_carwin_5, uniq_nessos, uniq_rupert
Bailey:   bailey_axe_bossmonster_kennysheep, bailey
Volcano:  volcano_grotto

Skill      XL: |  1  2  3  4  5  6  7  8  9 10 11 12 13 |
---------------+----------------------------------------+-----
Dodging        | 1 3 4 5 6 8 9 10 | 10.5
Fighting       | 4 5 6 8 9 10 | 10.7
Maces & Flails | 3 4 5 6 8 9 10 | 10.9
Evocations     | 2 3 |  3.8
Shields        | 4 7 9 10 | 10.2
Armour         | 4 5 6 7 |  7.4
Invocations    | 1 |  1.2

Action                   |  1- 3 |  4- 6 |  7- 9 | 10-12 | 13-15 || total
-------------------------+-------+-------+-------+-------+-------++-------
Melee: Flail             |   244 |    98 |   525 |  1019 |   114 ||  2000
Invok: Lesser Servant of |       |       |       |     3 |       ||     3
 Abil: Evoke Berserk Rag |       |       |     1 |       |       ||     1
Evoke: Wand              |       |       |    16 |    71 |     2 ||    89
  Use: Scroll            |     3 |     9 |    14 |    17 |     2 ||    45
       Potion            |       |     9 |    11 |     8 |     1 ||    29
 Stab: Distracted        |       |       |       |     2 |       ||     2
  Eat: Bread ration      |     1 |       |     4 |     4 |       ||     9
       Beef jerky        |     1 |       |     1 |     2 |       ||     4
       Meat ration       |       |     1 |       |     1 |       ||     2
       Pizza             |       |       |     1 |     1 |       ||     2
       Royal jelly       |       |       |       |     1 |       ||     1
       Fruit             |       |       |       |     1 |       ||     1
Armor: Scale mail        |   108 |    74 |   274 |   484 |    55 ||   995
Dodge: Dodged            |    81 |    34 |   242 |   526 |    70 ||   953
Block: Shield            |   121 |    61 |   321 |   618 |   117 ||  1238
